TOP OF THE 1ST |
Richland Rails batting - Pitching for Belvedere Park Rawhides : LHP Kenny James
|
Pitching: LHP Kenny James
|
|
Batting: LHB Antoine Studdard
|
0-0: Ball 1-0: Foul Ball, location: 2F 1-1: Ball 2-1: Foul Ball, location: 2F 2-2: Ball 3-2: Base on Balls
|
Batting: RHB Alexis Hines
|
0-0: Ball 1-0: Ball 2-0: Ball 3-0: Base on Balls Antoine Studdard to second
|
Batting: SHB Fa-hsien Tze
|
0-0: Called Strike 0-1: Fielders Choice at 2nd, 3-6 (Groundball, 34, EV 89.4 MPH) Antoine Studdard to third
|
Batting: RHB Falco Opsteegh
|
0-0: Ball 1-0: Fly out, F7 (Flyball, 7, EV 95.0 MPH) Runner from 3rd tags up, SCORES, throw by LF
|
Batting: RHB José Vargas
|
0-0: Ball 1-0: Ball 2-0: Ball 3-0: Base on Balls Fa-hsien Tze to second
|
Batting: RHB Tak-wai Jia
|
0-0: Called Strike 0-1: Ball 1-1: Foul Ball, location: 2F 1-2: DOUBLE (Flyball, 8LXD, EV 96.9 MPH) Fa-hsien Tze scores José Vargas to third Runner from 3rd tries for Home, SAFE, throw by CF to trailing runner, SAFE at third!
|
Batting: LHB Glenn Lockhart
|
0-0: Ball 1-0: Ground out 4-3 (Groundball, 4M, EV 90.6 MPH)
|
Top of the 1st over - 3 runs, 1 hit, 0 errors, 1 left on base; Richland 3 - Belvedere Park 0 |
BOTTOM OF THE 1ST |
Belvedere Park Rawhides batting - Pitching for Richland Rails : LHP Cameron Thoresen
|
Pitching: LHP Cameron Thoresen
|
|
Batting: RHB Enrique De La Rosa
|
0-0: Foul Ball, location: 2F 0-1: Swinging Strike 0-2: Ball 1-2: Ground out 6-3 (Groundball, 6, EV 81.9 MPH)
|
Batting: SHB Hélio Capriati
|
0-0: Fly out, F8 (Flyball, 8RS, EV 77.5 MPH)
|
Batting: RHB Richello Oliva
|
0-0: Ball 1-0: Ball 2-0: Ball 3-0: Called Strike 3-1: Ground out 5-3 (Groundball, 56S, EV 87.5 MPH)
|
Bottom of the 1st over - 0 runs, 0 hits, 0 errors, 0 left on base; Richland 3 - Belvedere Park 0 |
TOP OF THE 2ND |
Richland Rails batting - Pitching for Belvedere Park Rawhides : LHP Kenny James
|
Batting: RHB Bill Albert
|
0-0: Called Strike 0-1: Ball 1-1: Ball 2-1: Foul Ball, location: 2F 2-2: Foul Ball, location: 2F 2-2: Foul Ball, location: 2F 2-2: Foul Ball, location: 2F 2-2: Ball 3-2: Ground out 2-3 (Groundball, 13S, EV 64.4 MPH)
|
Batting: RHB Francisco Rodríguez
|
0-0: Ball 1-0: SINGLE (Groundball, 34D, EV 106.2 MPH)
|
Batting: LHB Antoine Studdard
|
0-0: Fly out, F8 (Line Drive, 8LD, EV 101.2 MPH)
|
Batting: RHB Alexis Hines
|
0-0: Called Strike 0-1: Ball 1-1: Ball 2-1: Called Strike 2-2: Ball 3-2: Base on Balls Francisco Rodríguez to second
|
Batting: SHB Fa-hsien Tze
|
0-0: Called Strike 0-1: Ground out 4-3 (Groundball, 4, EV 83.8 MPH)
|
Top of the 2nd over - 0 runs, 1 hit, 0 errors, 2 left on base; Richland 3 - Belvedere Park 0 |
BOTTOM OF THE 2ND |
Belvedere Park Rawhides batting - Pitching for Richland Rails : LHP Cameron Thoresen
|
Batting: RHB Duane Davis
|
0-0: Swinging Strike 0-1: Ball 1-1: Ball 2-1: Ball 3-1: Foul Ball, location: 2F 3-2: Strikes out swinging
|
Batting: SHB Yeow-whye Zhu
|
0-0: Ball 1-0: Ball 2-0: Fly out, F7 (Flyball, 7, EV 88.8 MPH)
|
Batting: RHB Junior Young
|
0-0: Ball 1-0: Called Strike 1-1: Ball 2-1: Ball 3-1: Base on Balls
|
Batting: RHB Roger Snodgrass
|
0-0: Swinging Strike 0-1: Called Strike 0-2: Strikes out swinging
|
Bottom of the 2nd over - 0 runs, 0 hits, 0 errors, 1 left on base; Richland 3 - Belvedere Park 0 |
TOP OF THE 3RD |
Richland Rails batting - Pitching for Belvedere Park Rawhides : LHP Kenny James
|
Batting: RHB Falco Opsteegh
|
0-0: Swinging Strike 0-1: Ground out 1-3 (Groundball, 13S, EV 68.1 MPH)
|
Batting: RHB José Vargas
|
0-0: Ball 1-0: Ground out 4-3 (Groundball, 4, EV 101.2 MPH)
|
Batting: RHB Tak-wai Jia
|
0-0: Fly out, F8 (Flyball, 89S, EV 91.2 MPH)
|
Top of the 3rd over - 0 runs, 0 hits, 0 errors, 0 left on base; Richland 3 - Belvedere Park 0 |
BOTTOM OF THE 3RD |
Belvedere Park Rawhides batting - Pitching for Richland Rails : LHP Cameron Thoresen
|
Batting: RHB Mauro Jasso
|
0-0: SINGLE (Groundball, 56D, EV 101.2 MPH)
|
Batting: RHB Tony Randolph
|
0-0: Ball Mauro Jasso steals 2nd base 1-0: Called Strike 1-1: Ball 2-1: Called Strike 2-2: Foul Ball, location: 2F 2-2: Foul Ball, location: 2F 2-2: SINGLE (Groundball, 6D, EV 95.0 MPH) Mauro Jasso to third Runner from 3rd tries for Home, SAFE, throw by CF to home Tony Randolph to second
|
Batting: RHB Enrique De La Rosa
|
0-0: Ground out 4-3 (Groundball, 4, EV 85.6 MPH) Tony Randolph to third
|
Batting: SHB Hélio Capriati
|
0-0: Ground out 1-3 (Groundball, 34S, EV 86.9 MPH)
|
Batting: RHB Richello Oliva
|
0-0: Ball 1-0: Ground out 6-3 (Groundball, 56, EV 106.9 MPH)
|
Bottom of the 3rd over - 1 run, 2 hits, 0 errors, 1 left on base; Richland 3 - Belvedere Park 1 |
TOP OF THE 4TH |
Richland Rails batting - Pitching for Belvedere Park Rawhides : LHP Kenny James
|
Batting: LHB Glenn Lockhart
|
0-0: Ball 1-0: Called Strike 1-1: Ball 2-1: Foul Ball, location: 2F 2-2: Strikes out swinging
|
Batting: RHB Bill Albert
|
0-0: Ball 1-0: Ball 2-0: Called Strike 2-1: Ball 3-1: Swinging Strike 3-2: Fly out, F9 (Flyball, 9LMF, EV 108.1 MPH)
|
Batting: RHB Francisco Rodríguez
|
0-0: Called Strike 0-1: Ball 1-1: Ball 2-1: Foul Ball, location: 2F 2-2: Ball 3-2: Foul Ball, location: 2F 3-2: Foul Ball, location: 2F 3-2: Strikes out swinging, 2-3 out at first.
|
Top of the 4th over - 0 runs, 0 hits, 0 errors, 0 left on base; Richland 3 - Belvedere Park 1 |
BOTTOM OF THE 4TH |
Belvedere Park Rawhides batting - Pitching for Richland Rails : LHP Cameron Thoresen
|
Batting: RHB Duane Davis
|
0-0: SOLO HOME RUN (Flyball, 7D, EV 108.8 MPH), Distance : 383 ft
|
Batting: SHB Yeow-whye Zhu
|
0-0: Fly out, F8 (Line Drive, 8RM, EV 105.0 MPH)
|
Batting: RHB Junior Young
|
0-0: Ball 1-0: Swinging Strike 1-1: Foul Ball, location: 2F 1-2: Ball 2-2: Foul Ball, location: 2F 2-2: Ball 3-2: Foul Ball, location: 2F 3-2: Foul Ball, location: 2F 3-2: Strikes out swinging
|
Batting: RHB Roger Snodgrass
|
0-0: Ball 1-0: Ball 2-0: Called Strike 2-1: Fly out, F7 (Flyball, 7LM, EV 104.4 MPH)
|
Bottom of the 4th over - 1 run, 1 hit, 0 errors, 0 left on base; Richland 3 - Belvedere Park 2 |
TOP OF THE 5TH |
Richland Rails batting - Pitching for Belvedere Park Rawhides : LHP Kenny James
|
Batting: LHB Antoine Studdard
|
0-0: Called Strike 0-1: Ball 1-1: Called Strike 1-2: Ball 2-2: Foul Ball, location: 2F 2-2: Ground out U3 (Groundball, 3, EV 100.0 MPH)
|
Batting: RHB Alexis Hines
|
0-0: Ball 1-0: Ball 2-0: Called Strike 2-1: Ball 3-1: Called Strike 3-2: Foul Ball, location: 2F 3-2: Foul Ball, location: 2F 3-2: Foul Ball, location: 2F 3-2: Base on Balls
|
Batting: SHB Fa-hsien Tze
|
0-0: Ball 1-0: Called Strike 1-1: Foul Ball, location: 2F 1-2: SINGLE (Groundball, 6MD, EV 107.5 MPH) Alexis Hines to second
|
Batting: RHB Falco Opsteegh
|
0-0: Ball 1-0: Fly out, F4 (Popup, 4M, EV 63.1 MPH)
|
Batting: RHB José Vargas
|
0-0: Ball 1-0: Swinging Strike 1-1: Foul Ball, location: 2F 1-2: Ball 2-2: Strikes out looking
|
Top of the 5th over - 0 runs, 1 hit, 0 errors, 2 left on base; Richland 3 - Belvedere Park 2 |
BOTTOM OF THE 5TH |
Belvedere Park Rawhides batting - Pitching for Richland Rails : LHP Cameron Thoresen
|
Batting: RHB Mauro Jasso
|
0-0: Foul Ball, location: 2F 0-1: Fly out, F7 (Flyball, 7LS, EV 80.6 MPH)
|
Batting: RHB Tony Randolph
|
0-0: Called Strike 0-1: Ball 1-1: Ball 2-1: DOUBLE (Line Drive, 9LM, EV 108.1 MPH)
|
Batting: RHB Enrique De La Rosa
|
0-0: Ball 1-0: Foul Ball, location: 2F 1-1: Foul Ball, location: 2F 1-2: DOUBLE (Flyball, 8RXD, EV 99.4 MPH) Tony Randolph scores
|
Batting: SHB Hélio Capriati
|
0-0: Called Strike 0-1: Foul Ball, location: 2F 0-2: Foul Ball, location: 2F 0-2: Fly out, F8 (Flyball, 8RM, EV 89.4 MPH)
|
Batting: RHB Richello Oliva
|
0-0: Called Strike 0-1: Ground out U3 (Groundball, 34, EV 110.6 MPH)
|
Bottom of the 5th over - 1 run, 2 hits, 0 errors, 1 left on base; Richland 3 - Belvedere Park 3 |
TOP OF THE 6TH |
Richland Rails batting - Pitching for Belvedere Park Rawhides : LHP Kenny James
|
Pitching: RHP Craig Mack
|
|
Batting: RHB Tak-wai Jia
|
0-0: Fly out, F8 (Flyball, 8RM, EV 85.6 MPH)
|
Batting: LHB Glenn Lockhart
|
0-0: Called Strike 0-1: Ball 1-1: Ball 2-1: Called Strike 2-2: Strikes out swinging
|
Batting: RHB Bill Albert
|
0-0: Ball 1-0: Ball 2-0: Called Strike 2-1: SINGLE (Flyball, 9LS, EV 90.0 MPH)
|
Batting: RHB Francisco Rodríguez
|
0-0: Foul Ball, location: 2F 0-1: Ball 1-1: Ball 2-1: Ground out 4-3 (Groundball, 34, EV 103.8 MPH)
|
Top of the 6th over - 0 runs, 1 hit, 0 errors, 1 left on base; Richland 3 - Belvedere Park 3 |
BOTTOM OF THE 6TH |
Belvedere Park Rawhides batting - Pitching for Richland Rails : LHP Cameron Thoresen
|
Pitching: LHP Albert Hernández
|
|
Batting: RHB Duane Davis
|
0-0: Called Strike 0-1: Ball 1-1: Called Strike 1-2: Strikes out swinging
|
Batting: SHB Yeow-whye Zhu
|
0-0: Called Strike 0-1: Hit by Pitch
|
Batting: RHB Junior Young
|
0-0: SINGLE (Groundball, 4D, EV 109.4 MPH) Yeow-whye Zhu to second
|
Batting: RHB Roger Snodgrass
|
0-0: Ball 1-0: Called Strike 1-1: Foul Ball, location: 2F 1-2: Grounds into double play, 6-4-3 (Groundball, 6, EV 93.1 MPH)
|
Bottom of the 6th over - 0 runs, 1 hit, 0 errors, 1 left on base; Richland 3 - Belvedere Park 3 |
TOP OF THE 7TH |
Richland Rails batting - Pitching for Belvedere Park Rawhides : RHP Craig Mack
|
Batting: LHB Antoine Studdard
|
0-0: Ball 1-0: Ball 2-0: Called Strike 2-1: Ball 3-1: Base on Balls
|
Batting: RHB Alexis Hines
|
0-0: Foul Ball, location: 2F 0-1: Called Strike 0-2: SINGLE (Line Drive, 9S, EV 103.8 MPH) Antoine Studdard to second
|
Batting: SHB Fa-hsien Tze
|
0-0: Ball 1-0: Ball 2-0: Called Strike 2-1: SINGLE (Line Drive, 78S, EV 95.6 MPH) Antoine Studdard to third Alexis Hines to second
|
Batting: RHB Falco Opsteegh
|
0-0: Ball 1-0: Ball 2-0: Foul Ball, location: 2F 2-1: Ball 3-1: Foul Ball, location: 2F 3-2: SINGLE (Line Drive, 78S, EV 90.0 MPH) Antoine Studdard scores Alexis Hines to third Fa-hsien Tze to second
|
Pitching: RHP Wesley Mason
|
|
Batting: RHB José Vargas
|
0-0: Fly out, F7 (Flyball, 7, EV 80.0 MPH) Runner from 3rd tags up, SCORES, throw by LF
|
Batting: RHB Tak-wai Jia
|
0-0: Fly out, F8 (Flyball, 89XD, EV 103.8 MPH)
|
Batting: LHB Glenn Lockhart
|
0-0: Swinging Strike 0-1: Ball 1-1: Foul Ball, location: 2F 1-2: Fly out, F6 (Popup, 6M, EV 60.6 MPH)
|
Top of the 7th over - 2 runs, 3 hits, 0 errors, 2 left on base; Richland 5 - Belvedere Park 3 |
BOTTOM OF THE 7TH |
Belvedere Park Rawhides batting - Pitching for Richland Rails : LHP Albert Hernández
|
Batting: RHB Mauro Jasso
|
0-0: Ball 1-0: SINGLE (Flyball, 9LS, EV 84.4 MPH)
|
Batting: RHB Tony Randolph
|
0-0: Ball Wild Pitch! Mauro Jasso to second 1-0: Ball 2-0: Foul Ball, location: 2F 2-1: Called Strike 2-2: Strikes out looking
|
Batting: RHB Enrique De La Rosa
|
0-0: Ball 1-0: Fly out, F9 (Flyball, 89S, EV 74.4 MPH)
|
Batting: SHB Hélio Capriati
|
0-0: Foul Ball, location: 2F 0-1: Ball 1-1: Swinging Strike 1-2: Ground out 5-3 (Groundball, 56, EV 85.0 MPH)
|
Bottom of the 7th over - 0 runs, 1 hit, 0 errors, 1 left on base; Richland 5 - Belvedere Park 3 |
TOP OF THE 8TH |
Richland Rails batting - Pitching for Belvedere Park Rawhides : RHP Wesley Mason
|
Batting: RHB Bill Albert
|
0-0: Swinging Strike 0-1: Swinging Strike 0-2: Ball 1-2: Fly out, F9 (Flyball, 89S, EV 89.4 MPH)
|
Batting: RHB Francisco Rodríguez
|
0-0: Fly out, F9 (Line Drive, 9, EV 83.8 MPH)
|
Batting: LHB Antoine Studdard
|
0-0: Swinging Strike 0-1: Swinging Strike 0-2: Foul Ball, location: 2F 0-2: Foul Ball, location: 2F 0-2: Ball 1-2: Foul Ball, location: 2F 1-2: Ball 2-2: Strikes out looking
|
Top of the 8th over - 0 runs, 0 hits, 0 errors, 0 left on base; Richland 5 - Belvedere Park 3 |
BOTTOM OF THE 8TH |
Belvedere Park Rawhides batting - Pitching for Richland Rails : LHP Albert Hernández
|
Batting: RHB Richello Oliva
|
0-0: Foul Ball, location: 2F 0-1: Ball 1-1: Ball 2-1: Swinging Strike 2-2: SINGLE (Line Drive, 6MD, EV 96.9 MPH)
|
Batting: RHB Duane Davis
|
0-0: Ball 1-0: Foul Ball, location: 2F 1-1: Ball 2-1: Foul Ball, location: 2F 2-2: Ball 3-2: Fly out, F7 (Flyball, 7S, EV 77.5 MPH)
|
Batting: SHB Yeow-whye Zhu
|
0-0: Called Strike 0-1: Fly out, F4 (Popup, 4M, EV 71.9 MPH)
|
Batting: RHB Junior Young
|
0-0: Ball 1-0: Called Strike 1-1: Foul Ball, location: 2F 1-2: Ball 2-2: Strikes out swinging
|
Bottom of the 8th over - 0 runs, 1 hit, 0 errors, 1 left on base; Richland 5 - Belvedere Park 3 |
TOP OF THE 9TH |
Richland Rails batting - Pitching for Belvedere Park Rawhides : RHP Wesley Mason
|
Batting: RHB Alexis Hines
|
0-0: Swinging Strike 0-1: Foul Ball, location: 2F 0-2: Foul Ball, location: 2F 0-2: Ball 1-2: Foul Ball, location: 2F 1-2: Ball 2-2: Strikes out swinging
|
Batting: SHB Fa-hsien Tze
|
0-0: Called Strike 0-1: Ball 1-1: Swinging Strike 1-2: Ball 2-2: Strikes out looking
|
Batting: RHB Falco Opsteegh
|
0-0: Ball 1-0: Foul Ball, location: 2F 1-1: Ball 2-1: Foul Ball, location: 2F 2-2: Ground out 5-3 (Groundball, 56S, EV 86.2 MPH)
|
Top of the 9th over - 0 runs, 0 hits, 0 errors, 0 left on base; Richland 5 - Belvedere Park 3 |
BOTTOM OF THE 9TH |
Belvedere Park Rawhides batting - Pitching for Richland Rails : LHP Albert Hernández
|
Pitching: RHP Muoi Hoan
|
|
Now at 1B: Alje de Gast
|
|
Now at 2B: Hsui-chuan Hong
|
|
Batting: RHB Roger Snodgrass
|
0-0: Ball 1-0: Ball 2-0: Called Strike 2-1: Ball 3-1: Base on Balls
|
Batting: RHB Mauro Jasso
|
0-0: Foul Ball, location: 2F 0-1: Ball 1-1: Called Strike 1-2: Grounds into double play, 5-4-3 (Groundball, 56, EV 94.4 MPH)
|
Batting: RHB Tony Randolph
|
0-0: Fly out, F7 (Flyball, 7, EV 85.6 MPH)
|
Bottom of the 9th over - 0 runs, 0 hits, 0 errors, 0 left on base; Richland 5 - Belvedere Park 3 |
|